 Dungeon Crawl Stone Soup version 0.28.0-45-g0d030f2227 (webtiles) character file.

Game seed: 10245319866187727828

45 GigaChad the Skirmisher (level 3, -1/31 HPs)
             Began as a Palentonga Fighter on Apr 14, 2022.
             Was a Follower of Qazlal.
             Slain by a goblin
             ... wielding a +0 club
             ... led by Robin
              (3 damage)
             ... on level 2 of the Dungeon.
             The game lasted 00:02:15 (933 turns).

GigaChad the Skirmisher (Palentonga Fighter)         Turns: 933, Time: 00:02:16

Health: -1/31      AC:  6    Str: 19    XL:     3   Next: 42%
Magic:  3/3        EV:  7    Int:  8    God:    Qazlal [*.....]
Gold:   26         SH:  6    Dex: 11    Spells: 2/2 levels left

rFire   . . .      SeeInvis +   a - +0 long sword
rCold   . . .      Faith    .   c - +0 buckler
rNeg    . . .      Spirit   .   b - +0 scale mail
rPois   .          Reflect  .   (no helmet)
rElec   .          Harm     .   (no cloak)
rCorr   .          Rampage  .   (no gloves)
Will    .....                   (no barding)
Stlth   ..........              (no amulet)
HPRegen 0.10/turn               (no ring)
MPRegen 0.08/turn               (no ring)

@: no status effects
A: large, rugged brown scales 3, see invisible, deformed body, roll 1, armoured
tail
a: Rolling Charge, Renounce Religion


You were on level 2 of the Dungeon.
You worshipped Qazlal.
Qazlal was aware of your devotion.
You visited 1 branch of the dungeon, and saw 2 of its levels.

You collected 26 gold pieces.

Inventory:

Hand Weapons
 a - a +0 long sword (weapon)
Armour
 b - a +0 scale mail (worn)
 c - a +0 buckler (worn)
Jewellery
 g - a +4 ring of evasion
Potions
 d - a potion of might
 e - a potion of magic


   Skills:
 + Level 3.3 Fighting
 + Level 2.5 Long Blades
 + Level 2.8 Armour
 + Level 0.4 Dodging
 + Level 2.7 Shields


You had 2 spell levels left.
You didn't know any spells.
Your spell library was empty.

Dungeon Overview and Level Annotations

Branches:
Dungeon (2/15)

Altars:
Qazlal


Innate Abilities, Weirdness & Mutations

You are completely covered in rugged brown scales. (AC +3, +7% HP)
You have supernaturally acute eyesight. (SInv)
Armour fits poorly on your strangely shaped body.
You can roll at nearby foes to attack.
You have a long armoured tail.


Message History

* * * LOW HITPOINT WARNING * * *
The goblin closely misses you. x2; The goblin barely misses you.
You hit the goblin.
You kill the goblin!
Qazlal accepts your kill. The goblin barely misses you.
The goblin shoots a stone.
The stone hits you but does no damage. The goblin closely misses you.
The goblin hits you but does no damage. The goblin barely misses you. x2
You barely miss the goblin.
The goblin no longer looks unusually strong.
The goblin barely misses you.
The goblin is engulfed in freezing vapours.
You kill the goblin!
Qazlal accepts your kill.
The goblin hits you but does no damage. x2; You block the goblin's attack.
The goblin hits you with a +0 club.
* * * LOW HITPOINT WARNING * * *
The goblin hits you but does no damage. x2
The goblin unwields a +0 hunting sling.
The goblin wields a +0 dagger.
You block the goblin's attack.
You hit the goblin.
You kill the goblin!
Qazlal accepts your kill.
The goblin hits you with a +0 dagger of protection.
* * * LOW HITPOINT WARNING * * *
The goblin closely misses you.
The goblin hits you but does no damage. x3
You block the goblin's attack. The goblin barely misses you.
You slash the goblin!
You kill the goblin!
Qazlal accepts your kill.
The goblin no longer looks unusually strong.
The goblin hits you with a +0 club.
* * * LOW HITPOINT WARNING * * *
The hobgoblin hits you but does no damage.
You block the goblin's attack. x2; The goblin hits you but does no damage. x2
As you read the scroll labelled VOIMMI BIMEI, it crumbles to dust.
It is a scroll of identify.
e - a potion of magic The goblin hits you with a +0 club.
You die...

###### #.g)g#
#####.○@g#
......ggg'.....
.###.....#####.
....$.#'######
....###......#
.#..g..#.<..##
.....#.###..#
.#.. .. ...# #.
.#. ..##


You could see a hobgoblin and 5 goblins.

Vanquished Creatures
  Robin (D:2)
  2 dart slugs (D:1)
  8 ball pythons (D:1)
  An endoplasm (D:1)
  6 goblins
  A hobgoblin (D:1)
  3 kobolds (D:1)
  A quokka (D:1)
  2 bats (D:1)
  4 frilled lizards (D:1)
  2 rats (D:1)
31 creatures vanquished.

Notes
Turn   | Place    | Note
-------+----------+-------------------------------------------
     0 | D:1      | GigaChad the Palentonga Fighter began the quest for the
                  | Orb.
     0 | D:1      | Reached XP level 1. HP: 19/19 MP: 1/1
    82 | D:1      | Found a faded altar of an unknown god.
    87 | D:1      | Reached XP level 2. HP: 7/25 MP: 2/2
   340 | D:1      | Prayed at the altar of an unknown god.
   340 | D:1      | Became a worshipper of Qazlal Stormbringer
   340 | D:1      | Reached * piety under Qazlal
   914 | D:2      | Noticed Robin
   923 | D:2      | Reached XP level 3. HP: 27/31 MP: 3/3
   927 | D:2      | Killed Robin
   932 | D:2      | HP: 1/31 [goblin/+0 club[Robin] (1)]
   933 | D:2      | Slain by a goblin

Illustrated notes

Levels and vault maps discovered:
D:1:      minmay_arrival_radiant_lines, layout_basic,
          nicolae_ecumenical_snake_handling, chequers_serial_rivers_micro_e
D:2:      kennysheep_the_goblin_king, layout_basic, serial_shops, shop,
          serial_corexii_hall, chequers_hall_statues_wall_a,
          chequers_hall_statues_corner_a, minivault_5, uniq_robin

Action                   || total
-------------------------++-------
Melee: Long sword        ||    71
       Tailslap          ||     5
  Use: Scroll            ||     1
Armor: Scale mail        ||    76
Dodge: Dodged            ||    39
Block: Buckler           ||    37
